 Dungeon Crawl Stone Soup version 0.30-a0-989-g0d87f670db (webtiles) character file.

Game seed: 16536080250571927051

309 BlueFish the Sneak (level 6, -4/39 HPs)
             Began as an Octopode Transmuter on Apr 3, 2023.
             Slain by a killer bee (6 damage)
             ... on level 4 of the Dungeon.
             The game lasted 00:06:45 (3441 turns).

BlueFish the Sneak (Octopode Transmuter)            Turns: 3441, Time: 00:06:46

Health: -4/39      AC:  2    Str: 12    XL:     6   Next: 41%
Magic:  6/9        EV: 20    Int: 15    God:
Gold:   140        SH:  0    Dex: 17    Spells: 4/10 levels left

rFire   . . .      SeeInvis .      - Unarmed
rCold   . . .      Faith    .    (shield currently unavailable)
rNeg    . . .      Spirit   .    (helmet currently unavailable)
rPois   x          Reflect  .    (no amulet)
rElec   .          Rampage  .    (no ring)
rCorr   .                        (no ring)
Will    .....                    (no ring)
Stlth   +++                      (no ring)
HPRegen 0.26/turn                (no ring)
MPRegen 0.11/turn                (no ring)
                                 (no ring)
                                 (no ring)

@: lethally poisoned (-4 -> -16), about to teleport, spider-form, hasted,
studying Unarmed Combat, very quick
A: venomous fangs, almost no armour, (amphibious), 8 rings, tiny, (camouflage
1), (gelatinous body 1), (nimble swimmer 1), (tentacles)
a: End Transformation


You were on level 4 of the Dungeon.
You were a venomous arachnid creature.
You visited 1 branch of the dungeon, and saw 5 of its levels.

You collected 140 gold pieces.

Inventory:

Missiles
 f - 40 stones
Jewellery
 s - an amulet of faith
Wands
 k - a wand of charming (9)
Scrolls
 c - 2 scrolls of magic mapping
 d - 3 scrolls of enchant weapon
 g - a scroll of fear {unknown}
 h - a scroll of enchant armour {unknown}
 l - a scroll of blinking {unknown}
 n - a scroll of fog {unknown}
 r - a scroll of poison {unknown}
Potions
 a - a potion of lignification
 b - 2 potions of heal wounds {unknown}
 e - 2 potions of curing {unknown}
 i - a potion of magic {unknown}
 j - 2 potions of haste
 m - a potion of mutation {unknown}
 o - a potion of invisibility {unknown}
 p - a potion of berserk rage {unknown}
 t - 2 potions of attraction {unknown}


   Skills:
 + Level 2.2 Fighting
 + Level 1.3 Throwing
 + Level 2.7 Dodging
 * Level 4.0 Stealth
 * Level 3.6 Unarmed Combat
 + Level 2.6 Spellcasting
 + Level 2.8 Transmutations
 * Level 2.1 Poison Magic
 + Level 1.2 Evocations


You had 4 spell levels left.
You knew the following spells:

 Your Spells              Type           Power      Damage    Failure   Level
a - Beastly Appendage     Tmut           20%        N/A       19%         1
b - Wereblood             Tmut           10%        N/A       24%         2
c - Spider Form           Tmut/Pois      9%         N/A       43%         3

Your spell library contained the following spells:

 Spells                   Type           Power      Damage    Failure   Level
 Ozocubu's Armour         Ice            1%         N/A       75%         3
 Ice Form                 Ice/Tmut       6%         N/A       89%         4
 Ozocubu's Refrigeration  Ice            0%         4d7       100%        7


Dungeon Overview and Level Annotations

Branches:
Dungeon (5/15)
 Temple: D:4-7

Altars:
Makhleb

Shops:
D:2 :


Innate Abilities, Weirdness & Mutations

You are a venomous arachnid creature.
You have venomous fangs.
You are tiny and dextrous.
Your spellcasting is less reliable in this form.
Your armour is entirely melded.
You are incapable of wielding weapons or throwing items.
You cannot wear most types of armour.
((You are amphibious.))
You can wear up to eight rings at the same time.
((Your skin changes colour to match your surroundings (Stealth+).))
((Your rubbery body absorbs attacks. (AC +1, EV +1)))
((You are camouflaged when in or above water. (Stealth+)))
((You have tentacles for arms and can constrict up to eight enemies at once.))


Message History

Where to? (Enter - D:5, ? - help)
There is an open door here.
You open the door.
There is an open door here.
There is a stone staircase leading down here.
You climb downwards.
The killer bee buzzes angrily. x4; You hear a shout!
Found a sling.
There is a stone staircase leading up here.
There are monsters nearby!
The killer bee stings you but does no damage.
The killer bee stings you! The killer bee barely misses you.
The killer bee closely misses you. The killer bee barely misses you.
The killer bee closely misses you.
You climb upwards.
There is a stone staircase leading down here.
As you read the scroll of teleportation, it crumbles to dust.
You feel strangely unstable. The killer bee closely misses you.
The killer bee stings you. The killer bee completely misses you.
The killer bee closely misses you. The killer bee stings you.
You are poisoned.
The killer bee poisons you! The killer bee barely misses you.
Casting: Spider Form (quite dangerous; 22% risk of failure)
Confirm with . or Enter, or press ? or * to list all spells.
The spell is quite dangerous to miscast (22% risk of failure)!
Continue anyway?
You turn into a venomous arachnid creature.
You feel sick. The killer bee barely misses you. The killer bee stings you.
The killer bee closely misses you. x2; The killer bee misses you.
The killer bee stings you!
* * * LOW HITPOINT WARNING * * *
You are lethally poisoned!
The killer bee poisons you!
* * * LOW HITPOINT WARNING * * *
You feel very sick. The killer bee barely misses you.
The killer bee completely misses you.
It was a potion of haste.
You feel yourself speed up.
* * * LOW HITPOINT WARNING * * *
You feel very sick. The killer bee stings you.
You die...

#.# #........# #.# #. ##.##
####.##### ##+###. ##...## #.#
##...##. ##.....# ##.# ##.....#.
##......# ##..# ##.......#
###.......#######...####.....>...
.......................'.........
###...########.yyy..####.........
###..##### #..s#.## ##.......#
#........# ##.#### ##.....##
#.##.###.# #.# ##...##
##.##.###.# ##.## ##+##
##.##..##.# ##.#.## #.####
##.###.##.###.###.##########.#...
##.# #.##.##.## ##.........#.#.##
##.###.##.###.###.########.....##
##........# ##.#.## #........


You could see 3 killer bees.

Vanquished Creatures
  A phantom (D:4)
  A scorpion (D:4)
  A jelly (D:4)
  An iguana (D:4)
  5 adders
  An ufetubus (D:3)
  2 dart slugs
  2 orcs (D:3)
  4 ball pythons
  5 bats
  10 endoplasms
  3 giant cockroaches
  3 hobgoblins
  7 jackals
  3 kobolds
  2 quokkas
  2 frilled lizards
  6 goblins
  8 rats
67 creatures vanquished.

Notes
Turn   | Place    | Note
-------+----------+-------------------------------------------
     0 | D:1      | BlueFish the Octopode Transmuter began the quest for the
                  | Orb.
     0 | D:1      | Reached XP level 1. HP: 13/13 MP: 3/3
   134 | D:1      | Reached skill level 1 in Stealth
   164 | D:1      | Reached XP level 2. HP: 18/18 MP: 3/5
   169 | D:1      | Learned a level 2 spell: Wereblood
   228 | D:1      | Found a faded altar of an unknown god.
   564 | D:1      | Reached skill level 2 in Stealth
   607 | D:1      | Reached XP level 3. HP: 17/23 MP: 6/6
   773 | D:2      | Found Giog Jynu's Book Emporium.
  1017 | D:2      | Reached XP level 4. HP: 20/29 MP: 7/7
  1021 | D:2      | Learned a level 3 spell: Spider Form
  1806 | D:3      | Reached skill level 3 in Stealth
  2541 | D:4      | Noticed a phantom
  2556 | D:4      | Killed a phantom
  2557 | D:4      | Reached skill level 1 in Poison Magic
  2557 | D:4      | Reached XP level 5. HP: 32/34 MP: 5/8
  2624 | D:4      | Reached skill level 1 in Throwing
  2624 | D:4      | Reached skill level 1 in Evocations
  2624 | D:4      | Reached XP level 6. HP: 25/39 MP: 9/9
  3103 | D:4      | Reached skill level 4 in Stealth
  3162 | D:4      | Found a burning altar of Makhleb.
  3435 | D:5      | Entered Level 5 of the Dungeon
  3441 | D:4      | Slain by a killer bee

Illustrated notes

Levels and vault maps discovered:
D:1:      shiori_arrival_maze, layout_rooms,
          hellmonk_ecumenical_altar_dog_temple, minmay_bisected
D:2:      layout_basic, serial_shops, nicolae_shop_stone, minivault_27
D:3:      layout_basic, grunt_ministairs_15, chequers_serial_rivers_room_b
D:4:      layout_loops_corners, bloody_makhleb
D:5:      layout_basic, mainiacjoe_overflow_concentric_impassable,
          lemuel_temple_firewalk_b, minmay_diced_spiral

Skill      XL: |  1  2  3  4  5  6 |
---------------+-------------------+-----
Stealth        | 1 2 3 4 |  4.0
Poison Magic   | 1 2 |  2.1
Fighting       | 2 |  2.2
Throwing       | 1 |  1.3
Evocations     | 1 |  1.2
Dodging        | |  2.7
Unarmed Combat | |  3.6
Spellcasting   | |  2.6
Transmutations | |  2.8

Action                     |  1- 3 |  4- 6 || total
---------------------------+-------+-------++-------
  Melee: Unarmed           |    61 |    80 ||   141
         Constrict         |    21 |    15 ||    36
         Tentacles         |    15 |    10 ||    25
         Kick              |     4 |    12 ||    16
         Punch             |     2 |     2 ||     4
   Cast: Beastly Appendage |     3 |     7 ||    10
         Wereblood         |     1 |       ||     1
         Spider Form       |       |     5 ||     5
    Use: Scroll            |     2 |     2 ||     4
         Potion            |       |     1 ||     1
   Stab: Sleeping          |     4 |    15 ||    19
 Armour: Skin              |     1 |     5 ||     6
  Dodge: Dodged            |    32 |    49 ||    81

Table legend: (Time is in decaauts)
 A = Elapsed time spent in this place.
 B = Non-inter-level travel time spent in this place.
 C = Inter-level travel time spent in this place.
 D = Time resting spent in this place.
 E = Time spent auto-exploring this place.
 F = Levels seen in this place.
 G = Mean time per level.
                   A        B        C        D        E       F      G
               +--------+--------+--------+--------+--------+-----+--------+
         Total |   3432 |   3310 |    122 |      0 |   2819 |   5 |  686.4 |
       Dungeon |   3432 |   3310 |    122 |      0 |   2819 |   5 |  686.4 |
               +--------+--------+--------+--------+--------+-----+--------+

Top non-repeatable levels by time:
     D:4: 1012 daAuts
     D:3: 971 daAuts
     D:2: 802 daAuts
     D:1: 644 daAuts
     D:5: 1 daAuts
